 Dungeon Crawl Stone Soup version 0.17-a0-651-g07dd1c5 (webtiles) character file.

915 talyn the Grappler (level 7, -1/52 HPs)
             Began as a Yellow Draconian Transmuter on Apr 17, 2015.
             Slain by a hound (5 damage)
             ... on level 5 of the Dungeon on Apr 18, 2015.
             The game lasted 00:12:03 (4209 turns).

talyn the Grappler (Yellow Draconian Transmuter)    Turns: 4209, Time: 00:12:03

Health: -1/52      AC:  8    Str: 17    XL:     7   Next: 82%
Magic:  18/19      EV: 12    Int: 16    God:
Gold:   235        SH:  0    Dex: 11    Spells: 3 memorised, 2 levels left

rFire  . . .     SeeInvis .       - Unarmed
rCold  . . .     Clarity  .     (armour unavailable)
rNeg   . . .     SustAb   .     (no shield)
rPois  .         Gourm    .     (helmet restricted)
rElec  .         Spirit   .     n - +0 cloak
rCorr  +         Warding  .     g - +0 pair of gloves
rMut   .         Stasis   .     (no boots)
MR     .....                    (no amulet)
Stlth  +.........               q - ring of invisibility
                                j - ring of magical power

@: mighty, not resistant to hostile enchantments, very unstealthy
A: spit acid, acid resistance, unfitting armour, cold-blooded, AC +6
a: Spit Acid, Evoke Invisibility


You were on level 5 of the Dungeon.
You were hungry.

You visited 1 branch of the dungeon, and saw 5 of its levels.

You collected 235 gold pieces.

Inventory:

Armour
 g - a +0 pair of gloves (worn)
 n - a +0 cloak (worn)
Jewellery
 j - a ring of magical power (left hand)
 q - a ring of invisibility (right hand)
Scrolls
 e - a scroll of remove curse
 k - 2 scrolls of amnesia
 p - a scroll of recharging
Potions
 b - a potion of restore abilities
 f - a potion of agility {unknown}
 i - 2 potions of haste {unknown}
 l - a potion of curing {unknown}
Books
 d - a book of Changes

   Spells                             Type                      Level
   a - Beastly Appendage              Transmutation                1
   b - Sticks to Snakes               Transmutation                2
   c - Spider Form                    Transmutation/Poison         3
   d - Ice Form                       Ice/Transmutation            4
   e - Blade Hands                    Transmutation                5
Comestibles
 a - 5 chunks of flesh
 c - 10 fruits
 h - 4 meat rations
 m - a beef jerky
 r - a bread ration


   Skills:
 - Level 1.1 Fighting
 - Level 1.7 Dodging
 + Level 9.5 Unarmed Combat
 - Level 2.0 Spellcasting
 - Level 2.0 Transmutations


You had 2 spell levels left.
You knew the following spells:

 Your Spells              Type           Power        Failure   Level  Hunger
a - Beastly Appendage     Trmt           #.....       10%         1    #......
b - Spider Form           Trmt/Pois      #.........   38%         3    ###....
c - Ice Form              Ice/Trmt       #.......     96%         4    #####..


Dungeon Overview and Level Annotations

Branches:
Dungeon (5/15)
 Temple: D:4-7

Altars:
Fedhas

Shops:
D:4 *


Innate Abilities, Weirdness & Mutations

You can spit globs of acid.
You are resistant to acid.
Your golden yellow scales are hard (AC +6).
Your body does not fit into most forms of armour.
You are cold-blooded and may be slowed by cold attacks.


Message History

The wyvern closely misses you.
You hit the wyvern but do no damage. The wyvern bites you! The hound bites you.
You hit the wyvern but do no damage. You punch the wyvern, but do no damage.
The wyvern barely misses you. The hound bites you but does no damage.
The wyvern bites you!
* * * LOW HITPOINT WARNING * * *
Drink which item? (? for menu, Esc to quit)
You feel very mighty all of a sudden. The hound misses you.
The wyvern bites you!
* * * LOW HITPOINT WARNING * * *
The hound bites you but does no damage. The wyvern barely misses you.
Things that are here:
a short sword; a kobold corpse The hound misses you.
You see here a stone.
The hound barely misses you.
You see here a mace.
You barely miss the hound. The hound bites you.
You die...

........... .......!...
........... ..........
......... #........P
####### #.†......P
#...>.######)........
#.......@hl(....#....
########.##############
#............<........#
#.######.######.#####.#
#.#..........#.#
#.#.#.<......#.#
#.#.##########.######
..#..................
..###....#####.######


You could see a wyvern and a hound.

Vanquished Creatures
  Sigmund (D:2)
  Duvessa (D:4)
  A phantom (D:4)
  Dowan (D:4)
  A scorpion (D:4)
  A crimson imp (D:3)
  2 iguanas (D:4)
  A centaur skeleton (D:4)
  A hound (D:5)
  2 orc wizards (D:3)
  Terence (D:3)
  2 worker ants (D:4)
  11 adders
  7 worms
  A giant gecko (D:2)
  9 orcs
  A bat skeleton (D:4)
  A giant cockroach (D:2)
  7 hobgoblins
  10 kobolds
  A quokka (D:3)
  3 bats
  A giant gecko skeleton (D:4)
  3 giant newts
  14 goblins
  9 rats
93 creatures vanquished.

Notes
Turn   | Place    | Note
--------------------------------------------------------------
     0 | D:1      | talyn, the Draconian Transmuter, began the quest for the Orb.
     0 | D:1      | Reached XP level 1. HP: 16/16 MP: 3/3
   298 | D:1      | Reached XP level 2. HP: 10/23 MP: 3/5
   712 | D:1      | Reached skill level 4 in Unarmed Combat
   967 | D:2      | Reached XP level 3. HP: 20/28 MP: 4/6
  1202 | D:2      | Learned a level 3 spell: Spider Form
  1332 | D:2      | Noticed Sigmund
  1346 | D:2      | Killed Sigmund
  1346 | D:2      | Reached skill level 6 in Unarmed Combat
  1346 | D:2      | Reached XP level 4. HP: 25/35 MP: 0/7
  1346 | D:2      | Reached XP level 5. HP: 28/40 MP: 0/8
  1743 | D:2      | Learned a level 4 spell: Ice Form
  1944 | D:2      | Learned a level 1 spell: Beastly Appendage
  2135 | D:3      | Noticed Terence
  2145 | D:3      | Killed Terence
  2251 | D:3      | Reached XP level 6. HP: 47/47 MP: 9/9
  2266 | D:3      | Reached skill level 7 in Unarmed Combat
  3006 | D:4      | Noticed Duvessa
  3008 | D:4      | Noticed Dowan
  3017 | D:4      | Killed Duvessa
  3017 | D:4      | Reached skill level 8 in Unarmed Combat
  3017 | D:4      | Your scales start taking on a golden yellow colour.
  3017 | D:4      | Reached XP level 7. HP: 27/52 MP: 10/10
  3026 | D:4      | Killed Dowan
  3441 | D:4      | Reached skill level 9 in Unarmed Combat
  3703 | D:4      | Found Donnifeh's Assorted Antiques.
  3900 | D:4      | Found a blossoming altar of Fedhas.
  4081 | D:5      | Entered Level 5 of the Dungeon
  4197 | D:5      | Noticed a wyvern
  4209 | D:5      | Slain by a hound

Action                   |  1- 3 |  4- 6 |  7- 9 || total
-------------------------+-------+-------+-------++-------
Melee: Unarmed           |   106 |   108 |    85 ||   299
 Cast: Beastly Appendage |     3 |     1 |     2 ||     6
       Spider Form       |     3 |     9 |    10 ||    22
 Abil: Spit Acid         |       |       |     3 ||     3
Evoke: Wand              |       |    18 |       ||    18
  Use: Scroll            |     2 |     7 |     1 ||    10
       Potion            |       |       |     1 ||     1
 Stab: Sleeping          |     1 |       |       ||     1
  Eat: Chunk             |     2 |     3 |     2 ||     7
       Bread ration      |       |     1 |     1 ||     2
